 Dungeon Crawl Stone Soup version 0.15.0-23-gc2b521c (console) character file.

140 gw the Twirler (level 5, -1/45 HPs)
             Began as a Minotaur Gladiator on Sept 9, 2014.
             Was an Initiate of Okawaru.
             Slain by an orc
             ... wielding a +2 war axe of draining
              (5 damage)
             ... on Level 3 of the Dungeon.
             The game lasted 00:01:45 (2921 turns).

gw the Twirler (Minotaur Gladiator)                 Turns: 2921, Time: 00:01:46

HP  -1/45        AC  3     Str 19      XL: 5   Next:  2%
MP   2/2         EV 12     Int  5      God: Okawaru [......]
Gold 0           SH  0     Dex 12      Spells:  0 memorised,  4 levels left

rFire  . . .     SeeInvis .     a - +0 quarterstaff
rCold  . . .     Clarity  .     b - +0 leather armour
rNeg   . . .     rCorr    .     (no shield)
rPois  .         rRot     .     c - +0 hat
rElec  .         Spirit   .     (no cloak)
SustAb .         Warding  .     (no gloves)
rMut   .         Stasis   .     (no boots)
Gourm  .                        (no amulet)
MR     .....                    (no ring)
                                (no ring)

@: drained, not resistant to hostile enchantments, very unstealthy
A: retaliatory headbutt, horns 2
a: Renounce Religion


You were on level 3 of the Dungeon.
You worshipped Okawaru.
Okawaru was noncommittal.
You were not hungry.

You visited 1 branch of the dungeon, and saw 3 of its levels.

Inventory:

Hand weapons
 a - a +0 quarterstaff (weapon)
Missiles
 d - 3 throwing nets
 i - 18 stones (quivered)
Armour
 b - a +0 leather armour (worn)
 c - a +0 hat (worn)
Magical devices
 m - a wand of fireball (6)
Comestibles
 f - a bread ration
 j - a beef jerky
Scrolls
 g - a scroll of noise {unknown}
 k - 3 scrolls of remove curse
Potions
 e - 2 potions of curing


   Skills:
 + Level 3.3(3.0) Fighting
 * Level 5.2(4.9) Staves
 + Level 2.6(2.3) Throwing
 + Level 2.3(2.0) Armour
 - Level 3.2(2.9) Dodging
 + Level 1.0(0.7) Invocations


You had 4 spell levels left.
You didn't know any spells.

Dungeon Overview and Level Annotations

Branches:
Dungeon (3/15)

Altars:
Kikubaaqudgha
Okawaru
Xom


Innate Abilities, Weirdness & Mutations

You reflexively headbutt those who attack you in melee.
You have a pair of horns on your head.


Message History

You have reached level 5!
ATTACKING (-1,1)
You sock the orc!
You kill the orc!
Okawaru accepts your kill.
You start resting.
MOVING TO (2,6)
The orc hits you with a glowing war axe!
You feel drained.
Items here: %% )) [ a mace; a leather armour; a club; an orc corpse; an orc corpse MOVING TO (2,5) MOVING TO (1,4) MOVING TO (1,3) MOVING TO (1,2)
There is a stone staircase leading down here.
MOVING TO (1,1) MOVING TO (8,1)
The orc hits you with a war axe of draining.
You die...

............# #.# #........#..#
#.# #.######.#..# #.# #....)).#
#.# #.##.##.# #.# #.##.##.# #.#
###
#..#.###.##.##.########.###.##
......).......>o.....##.##.#.##
#.##.#.####.##..H.........###.#
#. #.########.##.##.#.## #. #.#
#.##.###.## .. ..# #.##.# #.#
#. #.##.# #.# #. #.##.###.# #.
########...>....# .
.........##.##### ##..........#


You could see an orc.

Table legend:
 A = Turns spent in this place as a percentage of turns spent in the entire game.
 B = Non-inter-level travel turns spent in this place as a percentage of non-inter-level travel turns spent in the entire game.
 C = Inter-level travel turns spent in this place as a percentage of turns spent in this place.
 D = Turns resting spent in this place as a percentage of non-inter-level travel turns spent in this place.
 E = Turns spent auto-exploring this place as a percentage of non-inter-level travel turns spent in this place.
 F = Non-inter-level travel turns spent in this place divided by the number of levels of this place that you've seen.
                   A       B       C       D       E      F
               +-------+-------+-------+-------+-------+----------------------
         Total | 100.0 | 100.0 |   1.0 |   6.0 |  10.2 | 330.3
       Dungeon | 100.0 | 100.0 |   1.0 |   6.0 |  10.2 | 330.3
               +-------+-------+-------+-------+-------+----------------------

Table legend:
 A = Kills in this place as a percentage of kills in entire the game.
 B = Kills by you in this place as a percentage of kills by you in the entire game.
 C = Kills by friends in this place as a percentage of kills by friends in the entire game.
 D = Other kills in this place as a percentage of other kills in the entire game.
 E = Experience gained in this place as a percentage of experience gained in the entire game.
 F = Experience gained in this place divided by the number of levels of this place that you have seen.
                   A       B       C       D       E      F
               +-------+-------+-------+-------+-------+----------------------
         Total | 100.0 | 100.0 |  -nan |  -nan | 100.0 |  67.0
       Dungeon | 100.0 | 100.0 |  -nan |  -nan | 100.0 |  67.0
               +-------+-------+-------+-------+-------+----------------------

Vanquished Creatures
  An orc wizard (D:3)
  Jessica (D:2)
  3 adders (D:2)
  2 worms (D:2)
  3 orcs (D:3)
  8 goblins
  5 hobgoblins
  2 jackals (D:2)
  2 quokkas
  A ball python (D:2)
  8 bats
  A giant cockroach (D:1)
  3 giant geckos
  2 giant newts (D:2)
  3 kobolds (D:1)
  7 rats
52 creatures vanquished.

Notes
Turn   | Place    | Note
--------------------------------------------------------------
     0 | D:1      | gw, the Minotaur Gladiator, began the quest for the Orb.
     0 | D:1      | Reached XP level 1. HP: 18/18 MP: 1/1
     6 | D:1      | Noticed a four-headed hydra
     6 | D:1      | Noticed a hog
     6 | D:1      | Noticed a salamander
   376 | D:1      | Reached XP level 2. HP: 25/25 MP: 1/1
   457 | D:1      | Reached skill level 4 in Staves
   686 | D:1      | Reached skill level 1 in Armour
  1463 | D:2      | Noticed Jessica
  1473 | D:2      | Killed Jessica
  1473 | D:2      | Reached XP level 3. HP: 12/30 MP: 2/2
  1926 | D:2      | Found an ancient bone altar of Kikubaaqudgha.
  1927 | D:2      | Found an iron altar of Okawaru.
  1927 | D:2      | Found a shimmering altar of Xom.
  1941 | D:2      | Reached XP level 4. HP: 13/38 MP: 2/2
  2175 | D:2      | Became a worshipper of Warmaster Okawaru
  2456 | D:2      | Reached skill level 5 in Staves
  2912 | D:3      | Reached skill level 1 in Invocations
  2912 | D:3      | Reached XP level 5. HP: 11/45 MP: 2/2
  2921 | D:3      | Slain by an orc

Action                   |  1- 3 |  4- 6 || total
-------------------------+-------+-------++-------
Melee: Quarterstaff      |    73 |    27 ||   100
Throw: Stone             |    62 |    30 ||    92
Evoke: Wand              |       |     1 ||     1
  Use: Scroll            |     3 |     3 ||     6
       Potion            |     2 |     3 ||     5
  Eat: Chunk             |     3 |     3 ||     6

Vault maps used:
D:1:      onia_arrival_zoo_common, serial_forest,
          infiniplex_forest_clump_curved, infiniplex_forest_clump_long,
          infiniplex_forest_lined_2, infiniplex_forest_lined_3_way,
          infiniplex_forest_straight_1, infiniplex_forest_lined_4_way,
          infiniplex_forest_diagonal
D:2:      gammafunk_temple_overflow_claw, uniq_jessica
D:3:      grunt_qazlal_clouds, minmay_lizard_king, uniq_natasha
